 Dungeon Crawl Stone Soup version 0.18-a0-1303-g41c131c (webtiles) character file.

446 graki42 the Insei (level 7, -4/40 HPs)
             Began as an Octopode Transmuter on Feb 12, 2016.
             Slain by an orc
             ... wielding a +1 whip of electrocution
              (11 damage)
             ... on level 5 of the Dungeon.
             The game lasted 00:19:10 (4892 turns).

graki42 the Insei (Octopode Transmuter)             Turns: 4892, Time: 00:19:21

Health: -4/40      AC:  2    Str:  9    XL:     7   Next: 3%
Magic:  5/11       EV: 28    Int: 16    God:
Gold:   254        SH:  0    Dex: 24    Spells: 2 memorised, 8 levels left

rFire  . . .     SeeInvis .       - Unarmed
rCold  . . .     Gourm    .     (shield currently unavailable)
rNeg   . . .     Faith    .     (helmet currently unavailable)
rPois  x         Spirit   .     (no amulet)
rElec  .         Dismiss  .     m - ring of teleportation (curse)
rCorr  .         Reflect  .     (no ring)
SustAt .         Harm     .     (no ring)
MR     .....     Rnd*Tele +     (no ring)
Stlth  ++++......               (no ring)
                                (no ring)
                                (no ring)
                                (no ring)

@: agile, spider-form, very slightly contaminated, not resistant to hostile
enchantments, stealthy
A: almost no armour, amphibious, 8 rings, (constrict 8), (tentacle spike 0),
(camouflage 0), frail 1, (gelatinous body 0)
a: End Transformation


You were on level 5 of the Dungeon.
You were not hungry.
You were a venomous arachnid creature.
You visited 1 branch of the dungeon, and saw 5 of its levels.
You also visited: Sewer.

You collected 254 gold pieces.

Inventory:

Missiles
 a - 12 arrows
 g - 21 poisoned needles
Magical Staves
 t - an uncursed staff of poison (melded)
Jewellery
 m - a cursed ring of teleportation (left front leg)
 y - a +3 ring of strength {unknown}
Scrolls
 d - 4 scrolls of identify
 e - a scroll of blinking {unknown}
 i - 2 scrolls of fear {unknown}
 j - a scroll of magic mapping
 k - a scroll of enchant armour {unknown}
 l - 2 scrolls of teleportation {unknown}
 n - a scroll of recharging {unknown}
 o - a scroll of enchant weapon {unknown}
 r - a scroll of fog {unknown}
 s - a scroll of random uselessness {unknown}
 u - a scroll of immolation {unknown}
 v - 2 scrolls of remove curse {unknown}
Potions
 p - 5 potions of flight
 q - a potion of agility
 w - 2 potions of curing {unknown}
 x - a potion of might {unknown}
 A - a potion of heal wounds {unknown}
Books
 b - a book of Changes

   Spells                             Type                      Level
   a - Beastly Appendage              Transmutation                1
   b - Sticks to Snakes               Transmutation                2
   c - Spider Form                    Transmutation/Poison         3
   d - Ice Form                       Ice/Transmutation            4
   e - Blade Hands                    Transmutation                5
Comestibles
 c - 6 bread rations
 f - 2 slices of pizza
 h - 4 fruits


   Skills:
 + Level 2.0 Fighting
 + Level 3.6 Dodging
 + Level 2.8 Stealth
 + Level 4.2 Unarmed Combat
 + Level 3.0 Spellcasting
 + Level 3.6 Transmutations
 + Level 2.3 Poison Magic


You had 8 spell levels left.
You knew the following spells:

 Your Spells              Type           Power        Failure   Level  Hunger
a - Beastly Appendage     Trmt           ##....       17%         1    #......
b - Spider Form           Trmt/Pois      ##........   36%         3    ###....


Dungeon Overview and Level Annotations

Branches:
Dungeon (5/15)
 Temple: D:4-7

Altars:
Okawaru
Sif Muna
Vehumet
Xom
Zin
The Shining One


Innate Abilities, Weirdness & Mutations

You cannot wear most types of armour.
You are amphibious.
You can wear up to eight rings at the same time.
((You can use your tentacles to constrict eight enemies at once.))
((Your skin changes colour to match your surroundings (Stealth).))
((Your rubbery body absorbs attacks (AC +1).))
((One of your tentacles bears a spike.))
You are frail (-10% HP).


Message History

The orc wizard points at you and mumbles some strange words.
The puff of flame misses you.
The puff of flame hits the gnoll shaman.
The orc moves out of view.
Drink which item? (? for menu, Esc to quit)
You feel agile all of a sudden.
You kill the orc wizard!
Your Spellcasting skill increases to level 3!
You have reached level 7!
The gnoll misses you.
The gnoll shaman calls upon its god to speed up the gnoll.
The gnoll seems to speed up.
You hit the gnoll shaman.
The gnoll shaman is poisoned.
The gnoll shaman is severely wounded.
The gnoll completely misses you. The gnoll barely misses you.
The gnoll shaman closely misses you. The gnoll closely misses you.
The orc hits you with a whip of electrocution.
* * * LOW HITPOINT WARNING * * *
You are electrocuted!
You die...

..........#####.......#
#...
.............%#.......#
#...
..............#.......#
#...
.......#......#........
......
..?....#......#........
......
.......#......#........
......#
##............o........
....##
.............o#o#..#...
... ........##...g#s#
o# ........##o.o.#g# ..
..>.....o.r...gg. ..
.....o........og.# ..
....o....gg......# (
.#####W..........#
.###........# .
.....####


You could see a gnoll shaman, 3 gnolls and 3 orcs.

Vanquished Creatures
  A crimson imp (D:4)
  A hound (D:4)
  An orc priest (D:4)
  An orc wizard (D:5)
  2 hound skeletons (D:4)
  2 gnolls
  3 river rats
  10 adders
  4 oozes (Sewer)
  6 worms
  2 giant geckos
  14 orcs
  19 bats
  6 giant cockroaches
  6 goblins
  6 hobgoblins
  6 jackals
  4 ball pythons
  2 giant newts
  A goblin skeleton (D:4)
  3 hobgoblin zombies (D:4)
  8 kobolds
  2 kobold skeletons (D:4)
  3 orc zombies (D:4)
  15 rats
128 creatures vanquished.

Notes
Turn   | Place    | Note
--------------------------------------------------------------
     0 | D:1      | graki42 the Octopode Transmuter began the quest for the Orb.
     0 | D:1      | Reached XP level 1. HP: 13/13 MP: 3/3
   400 | D:1      | Reached XP level 2. HP: 16/18 MP: 3/5
   511 | D:1      | Reached XP level 3. HP: 8/23 MP: 3/6
  1079 | D:1      | Reached skill level 1 in Stealth
  1314 | D:1      | Learned a level 3 spell: Spider Form
  1428 | D:2      | Reached XP level 4. HP: 24/28 MP: 4/7
  1937 | D:3      | Reached skill level 1 in Poison Magic
  2113 | D:3      | Found a glowing drain.
  2130 | D:3      | Reached XP level 5. HP: 21/33 MP: 2/8
  2142 | Sewer    | Entered a sewer
  2802 | Sewer    | Gained mutation: One of your tentacles bears a spike. [potion of mutation]
  2802 | Sewer    | Gained mutation: You are frail (-10% HP). [potion of mutation]
  3016 | D:3      | Found a deep blue altar of Sif Muna.
  3744 | D:4      | Found a radiant altar of Vehumet.
  3764 | D:4      | Reached XP level 6. HP: 30/34 MP: 7/10
  3841 | D:4      | Found a glowing golden altar of the Shining One.
  3851 | D:4      | Reached skill level 4 in Unarmed Combat
  4115 | D:4      | Found an iron altar of Okawaru.
  4290 | D:4      | Found a shimmering altar of Xom.
  4423 | D:4      | Found a glowing silver altar of Zin.
  4704 | D:5      | Entered Level 5 of the Dungeon
  4874 | D:5      | Noticed an orc warrior
  4880 | D:5      | Noticed a phantom
  4891 | D:5      | Reached XP level 7. HP: 9/40 MP: 4/11
  4892 | D:5      | Slain by an orc

Vault maps used:
D:1:      dpeg_arrival_pits
D:3:      lemuel_round_altar, portal_sewer_entry_c
D:4:      zin_scriptorium, vehumet_crystals, nicolae_tso_besieged_by_evil,
          okawaru_ov_weapons_minmay, lemuel_round_altar, first_bread
D:5:      lemuel_ratsnest, kennysheep_diamond, dk_rats_in_the_wall
Sewer:    sewer_fruit_machine

Action                   |  1- 3 |  4- 6 |  7- 9 || total
-------------------------+-------+-------+-------++-------
Melee: Unarmed           |    69 |   257 |     1 ||   327
       Staff             |       |     3 |       ||     3
 Cast: Beastly Appendage |    25 |    23 |       ||    48
       Spider Form       |       |    18 |       ||    18
  Use: Scroll            |       |     8 |       ||     8
       Potion            |       |     3 |       ||     3
 Stab: Sleeping          |     3 |    11 |       ||    14
       Distracted        |     1 |       |       ||     1
  Eat: Chunk             |     2 |    14 |       ||    16
